 Dungeon Crawl Stone Soup version 0.27.1-3-gb3d3a73c9e (webtiles) character file.

Game seed: 2128591808676226915

19 horus123 the Covered (level 2, 0/24 HPs)
             Began as a Human Fighter on Oct 17, 2021.
             Constricted to death by a ball python (1 damage)
             ... on level 1 of the Dungeon.
             The game lasted 00:01:52 (569 turns).

horus123 the Covered (Human Fighter)                 Turns: 569, Time: 00:01:53

Health: 0/24       AC:  5    Str: 16    XL:     2   Next: 95%
Magic:  2/2        EV:  5    Int:  8    God:
Gold:   37         SH:  9    Dex: 12    Spells: 1/1 levels left

rFire    . . .     SeeInvis .   a - +0 trident
rCold    + . .     Faith    .   c - +0 kite shield
rNeg     . . .     Spirit   .   f - +2 leather armour {rC+}
rPois    .         Reflect  .   (no helmet)
rElec    .         Harm     .   (no cloak)
rCorr    .         Rampage  .   (no gloves)
Will     .....                  (no boots)
Stlth    +.........             (no amulet)
HPRegen  0.08/turn              (no ring)
MPRegen  0.08/turn              (no ring)

@: constricted
A: no striking features
a: no special abilities


You were on level 1 of the Dungeon.
You visited 1 branch of the dungeon, and saw 1 of its levels.

You collected 37 gold pieces.

Inventory:

Hand Weapons
 a - a +0 trident (weapon)
Armour
 b - a +0 scale mail
 c - a +0 kite shield (worn)
 f - a +2 leather armour of cold resistance (worn)
Potions
 d - a potion of might
 e - a potion of curing


   Skills:
 + Level 3.1 Fighting
 + Level 2.0 Polearms
 * Level 3.4 Armour
 * Level 3.3 Shields


You had one spell level left.
You didn't know any spells.
Your spell library contained the following spells:

 Spells                   Type           Power      Damage    Failure   Level
 Slow                     Hex            0%         N/A       98%         2
 Confusing Touch          Hex            0%         N/A       100%        3
 Vampiric Draining        Necr           0%         2d6       100%        3


Dungeon Overview and Level Annotations

Branches:
Dungeon (1/15)

Altars:


Message History

The quokka barely misses you.
A hobgoblin comes into view. It is wielding a +0 spear.
You block the quokka's attack.
The ball python bites you but does no damage.
The ball python constricts you.
You escape the ball python's grasp.
You closely miss the quokka. The quokka closely misses you.
The quokka bites you but does no damage.
You miss the quokka. The quokka barely misses you.
You block the hobgoblin's attack.
You barely miss the quokka. You block the quokka's attack.
The hobgoblin hits you from afar with a +0 spear.
The quokka bites you.
You completely miss the quokka.
The hobgoblin hits you from afar with a +0 spear.
The quokka barely misses you. You block the hobgoblin's attack.
The quokka closely misses you.
You closely miss the quokka. You block the quokka's attack.
The hobgoblin hits you but does no damage.
You puncture the quokka!
You kill the quokka!
You block the hobgoblin's attack. You block the ball python's attack.
The ball python misses you.
The hobgoblin hits you but does no damage.
You block the ball python's attack. x2
Your shield prevents you from hitting the ball python.
The ball python is moderately wounded.
The ball python bites you. The ball python completely misses you.
You block the ball python's attack. The ball python grabs you.
The ball python constricts you.
Your shield prevents you from hitting the ball python.
The hobgoblin hits you from afar with a +0 spear.
* * * LOW HITPOINT WARNING * * *
The ball python bites you.
* * * LOW HITPOINT WARNING * * *
The ball python constricts you. You block the hobgoblin's attack.
The ball python bites you.
* * * LOW HITPOINT WARNING * * *
The ball python constricts you.
You die...

#. #.## .. ...# ##.#
...# ####.. ...##..#
...... #.?#.(# ......
#?#.#.# ...... #..g.#
...#.. #(#.#S# ...# .#
#..#@# ...#..##.
...##.#
...#......##.##..#
........ ........#
......###.###.##.#####
.....................#
#.(.......###.##.#####
...............#.#
#.#..####.#.#.##.###


You could see a hobgoblin and a ball python.

Vanquished Creatures
  2 dart slugs (D:1)
  2 bats (D:1)
  A giant cockroach (D:1)
  A goblin (D:1)
  A kobold (D:1)
  2 quokkas (D:1)
  A ball python (D:1)
  2 frilled lizards (D:1)
  4 rats (D:1)
16 creatures vanquished.

Notes
Turn   | Place    | Note
-------+----------+-------------------------------------------
     0 | D:1      | horus123 the Human Fighter began the quest for the Orb.
     0 | D:1      | Reached XP level 1. HP: 18/18 MP: 1/1
   147 | D:1      | Reached XP level 2. HP: 22/24 MP: 2/2
   569 | D:1      | HP: 1/24 [ball python (1)]
   569 | D:1      | Constricted to death by a ball python

Illustrated notes

Levels and vault maps discovered:
D:1:      lightli_arrival_isolated_outpost, layout_basic, st_stairs_2,
          minmay_misc_feat_diagonals, minmay_box_of_dots

Action                   || total
-------------------------++-------
Melee: Trident           ||    46
  Use: Scroll            ||     1
Armor: Scale mail        ||    19
       Leather armour    ||     7
Dodge: Dodged            ||    16
Block: Kite shield       ||    30
